 Dungeon Crawl Stone Soup version 0.32-a0-893-gf85d74f360 (webtiles) character file.

Game seed: 14636520396786432436

38 601d51SH the Chopper (level 3, 33/33 HPs)
             Began as a Minotaur Fighter on Apr 3, 2024.
             Quit the game on level 2 of the Dungeon.
             The game lasted 00:02:20 (935 turns).

601d51SH the Chopper (Minotaur Fighter)              Turns: 935, Time: 00:02:21

Health: 33/33      AC:  8    Str: 22    XL:     3   Next: 25%
Magic:  2/2        EV:  8    Int:  5    God:
Gold:   31         SH:  4    Dex:  9    Spells: 2/2 levels left

rFire   . . .        a - +0 war axe
rCold   . . .        c - +0 buckler
rNeg    . . .        b - +0 scale mail
rPois   .            (helmet restricted)
rElec   .            (no cloak)
rCorr   .            (no gloves)
SInv    .            j - +0 pair of boots
Will    .....        (no amulet) Stlth
                     (no ring)
HPRegen 0.25/turn    (no ring)
MPRegen 0.08/turn

%: no passive effects
@: no status effects
A: horns 2, retaliatory headbutt
a: no special abilities


You were on level 2 of the Dungeon.
You visited 1 branch of the dungeon, and saw 2 of its levels.

You collected 31 gold pieces.

Inventory:

Hand Weapons
 a - a +0 war axe (weapon)
 g - a +0 dagger of electrocution
 h - a +3 short sword
Armour
 b - a +0 scale mail (worn)
 c - a +0 buckler (worn)
 j - a +0 pair of boots (worn)
Jewellery
 e - an amulet of faith
 l - a ring of fire
Scrolls
 i - 2 scrolls of blinking {unknown}
 m - a scroll of torment {unknown}
Potions
 d - 2 potions of might
 f - 3 potions of curing {unknown}
 k - a potion of degeneration {unknown}


   Skills:
 - Level 3.8 Fighting
 + Level 4.0 Axes
 - Level 3.8 Armour
 - Level 3.8 Shields


You had 2 spell levels left.
You didn't know any spells.
Your spell library was empty.

Dungeon Overview and Level Annotations

Branches:
Dungeon (2/15)

Altars:

Shops:
D:2 [


Innate Abilities, Weirdness & Mutations

You have a pair of horns on your head.
You reflexively headbutt those who attack you in melee.


Message History

You hit the endoplasm.
You kill the endoplasm!
You completely miss the jackal. You block the jackal's attack.
You closely miss the jackal. You block the jackal's attack.
The jackal bites you but does no damage.
You closely miss the jackal.
The jackal bites you but does no damage. x2
A jackal is nearby!
You hit the jackal but do no damage. Your headbutt misses the jackal.
The jackal bites you but does no damage. x2
You slash the jackal!
You kill the jackal!
No target in view!
No target in view!
HP restored.
You see here a hobgoblin corpse.
You open the door.
There is an open door here.
d - 2 potions of might (gained 1)
Found Cigubb's Armour Boutique.
Found an escape hatch in the ceiling.
No target in view!
No target in view!
No target in view!
An endoplasm comes into view.
The endoplasm quivers.
An endoplasm is nearby!
The endoplasm hits you.
You hit the endoplasm.
You kill the endoplasm!
Your Axes skill increases to level 4!
No target in view!
No target in view!
i - 2 scrolls labelled HUBLAKHAGIF (gained 1)
Found a stone staircase leading up.
There is an entrance to Cigubb's Armour Boutique here.
Unknown command.
Welcome back, 601d51SH the Minotaur Fighter.
Press ? for a list of commands and other information.
Are you sure you want to abandon this character and quit the game? (Confirm with "yes".)

###### #.<..# +#
#....######.#
#....##.....#
#....##.#...#
+.... #.#...#
#...###<....#
#..@........#
#...........#
#...........#
#...........#..
##.....####+#.#
#............#..
#............#..
#..............
#####........###


There were no monsters in sight!

Vanquished Creatures
  A dart slug (D:1)
  5 endoplasms
  A giant cockroach (D:1)
  2 goblins
  6 hobgoblins
  3 jackals (D:2)
  A kobold (D:1)
  A quokka (D:2)
  4 ball pythons
  4 bats
  A frilled lizard (D:2)
  2 rats
31 creatures vanquished.

Notes
Turn   | Place    | Note
-------+----------+-------------------------------------------
     0 | D:1      | 601d51SH the Minotaur Fighter began the quest for the Orb.
     0 | D:1      | Reached XP level 1. HP: 19/19 MP: 0/0
   205 | D:1      | Reached XP level 2. HP: 27/27 MP: 1/1
   288 | D:1      | Reached skill level 3 in Axes
   859 | D:2      | Reached XP level 3. HP: 33/33 MP: 2/2
   919 | D:2      | Found Cigubb's Armour Boutique.
   925 | D:2      | Reached skill level 4 in Axes
   935 | D:2      | Quit the game

Illustrated notes

Levels and vault maps discovered:
D:1:      minmay_arrival_plants_in_alcoves, layout_basic, minmay_tromino_v4_c
D:2:      layout_basic, serial_shops, shop, kennysheep_generic_room_5

Skill      XL: |  1  2  3 |
---------------+----------+-----
Axes           | 3 4 |  4.0
Fighting       | |  3.8
Armour         | |  3.8
Shields        | |  3.8

Action                     || total
---------------------------++-------
  Melee: War axe           ||    55
         Headbutt          ||     6
 Armour: Scale mail        ||    36
  Dodge: Dodged            ||    22
  Block: Buckler           ||    17

Table legend: (Time is in decaauts)
 A = Elapsed time spent in this place.
 B = Non-inter-level travel time spent in this place.
 C = Inter-level travel time spent in this place.
 D = Time resting spent in this place.
 E = Time spent auto-exploring this place.
 F = Levels seen in this place.
 G = Mean time per level.
                   A        B        C        D        E       F      G
               +--------+--------+--------+--------+--------+-----+--------+
         Total |    955 |    934 |     21 |      0 |    765 |   2 |  477.5 |
       Dungeon |    955 |    934 |     21 |      0 |    765 |   2 |  477.5 |
               +--------+--------+--------+--------+--------+-----+--------+

Top non-repeatable levels by time:
     D:1: 611 daAuts
     D:2: 344 daAuts
